 Dungeon Crawl Stone Soup version 0.28-a0-1206-g193881aaa2 (webtiles) character file.

Game seed: 2618695104897938716

47 enile the Skirmisher (level 3, -2/29 HPs)
             Began as a Formicid Abyssal Knight on Dec 20, 2021.
             Was a Follower of Lugonu.
             Killed by nerve-wracking pain
             ... invoked by an orc priest
              (9 damage)
             ... on level 2 of the Dungeon.
             The game lasted 00:03:32 (1462 turns).

enile the Skirmisher (Formicid Abyssal Knight)      Turns: 1462, Time: 00:03:33

Health: -2/29      AC: 10    Str: 19    XL:     3   Next: 97%
Magic:  5/5        EV:  7    Int:  9    God:    Lugonu [*.....]
Gold:   60         SH:  0    Dex: 11    Spells: 2/2 levels left

rFire   . . .      SeeInvis +   a - +1 spear
rCold   . . .      Faith    .   (no shield)
rNeg    . . .      Spirit   .   c - +0 chain mail
rPois   .          Reflect  .   (helmet unavailable)
rElec   .          Harm     .   k - +0 cloak {rCorr}
rCorr   +          Rampage  .   (no gloves)
Will    .....                   (no boots)
Stlth   ..........              (no amulet)
HPRegen 0.09/turn               (no ring)
MPRegen 0.09/turn               (no ring)

@: no status effects
A: permanent stasis, dig shafts and tunnels, antennae 3, four strong arms
a: Dig, Shaft Self, Renounce Religion, Depart the Abyss


You were on level 2 of the Dungeon.
You worshipped Lugonu.
Lugonu was aware of your devotion.
You visited 1 branch of the dungeon, and saw 2 of its levels.
You visited the Abyss 1 time.

You collected 60 gold pieces.

Inventory:

Hand Weapons
 a - a +1 spear (weapon)
Missiles
 i - 6 silver boomerangs
Armour
 b - a +0 leather armour
 c - a +0 chain mail (worn)
 k - a +0 cloak of preservation (worn)
Magical Staves
 m - a staff of earth
Jewellery
 h - a +4 ring of protection
Scrolls
 d - a scroll of enchant weapon {unknown}
 e - 2 scrolls of holy word {unknown}
 g - 2 scrolls of identify {unknown}
 l - a scroll of enchant armour {unknown}
Potions
 f - a potion of curing {unknown}
 j - a potion of flight {unknown}


   Skills:
 - Level 3.2 Fighting
 - Level 2.0 Polearms
 + Level 2.8 Armour
 - Level 0.8 Dodging
 - Level 3.0 Stealth
 - Level 3.0 Invocations


You had 2 spell levels left.
You didn't know any spells.
Your spell library contained the following spells:

 Spells                   Type           Power      Damage    Failure   Level
 Summon Small Mammal      Summ           0%         N/A       99%         1
 Call Canine Familiar     Summ           0%         N/A       100%        3
 Summon Guardian Golem    Hex/Summ       0%         N/A       100%        3


Dungeon Overview and Level Annotations

Branches:
Dungeon (2/15)

Altars:


Innate Abilities, Weirdness & Mutations

You cannot be hasted, slowed, berserked, paralysed or teleported.
You can dig through walls and to a lower floor.
You have a pair of large antennae on your head. (SInv)
Your four strong arms can wield two-handed weapons with a shield.


Message History

You reach to attack!
You barely miss the goblin. You hit the goblin.
You kill the goblin!
Lugonu accepts your kill.
Things that are here:
a +0 club; a goblin corpse; a rat corpse No target in view!
Found 25 stones.
You see here 25 stones.
Found a stone staircase leading down.
The orc priest shouts!
You hit the orc priest but do no damage.
The orc priest invokes the aid of Beogh against you.
Pain shoots through your body!
You hit the orc priest.
The orc priest is moderately wounded.
The orc priest hits you but does no damage.
You hit the orc priest but do no damage.
The orc priest is moderately wounded.
The orc priest barely misses you.
You hit the orc priest.
The orc priest is moderately wounded.
The orc priest hits you with a +0 falchion.
Okay, then.
You closely miss the orc priest.
The orc priest is moderately wounded.
The orc priest barely misses you.
You hit the orc priest.
The orc priest is severely wounded.
The orc priest hits you but does no damage.
You barely miss the orc priest.
The orc priest is severely wounded.
The orc priest invokes the aid of Beogh against you.
Beogh smites you!
* * * LOW HITPOINT WARNING * * *
You hit the orc priest.
The orc priest is severely wounded.
The orc priest calls down the wrath of Beogh upon you.
Pain shoots through your body!
You die...

#)#######..# #.#.......
#.# #..# #.#.≈...≈. #.#
#..# #.#.......
#.#######..## #.##.ooo.#
#...........# #.###ooo##
#######.#...###..#######
#.#............... {
#o#...#######..###
#@###.#######.## #.#
#.......<.#
#.#############
#######...>..#
........####.# #######.#
#.########### #.#
#............ #.#
########...#. #.#
##......


You could see an orc priest.

Vanquished Creatures
  An adder (D:2)
  2 dart slugs
  4 endoplasms
  A giant cockroach (D:1)
  6 goblins
  6 hobgoblins
  3 kobolds (D:1)
  A quokka (D:1)
  2 ball pythons
  2 bats
  A frilled lizard (D:1)
  3 rats
32 creatures vanquished.

Notes
Turn   | Place    | Note
-------+----------+-------------------------------------------
     0 | Abyss:1  | enile the Formicid Abyssal Knight began the quest for the
                  | Orb.
     0 | Abyss:1  | Reached XP level 1. HP: 18/18 MP: 2/2
    17 | Abyss:2  | Noticed a jelly
    26 | D:1      | Escaped the Abyss
   162 | D:1      | Reached XP level 2. HP: 24/24 MP: 2/4
   201 | D:1      | Reached skill level 1 in Stealth
   235 | D:1      | Reached * piety under Lugonu
   378 | D:1      | Reached XP level 3. HP: 29/29 MP: 5/5
  1462 | D:2      | Killed from afar by an orc priest

Illustrated notes

Levels and vault maps discovered:
D:1:      scummos_arrival_star, layout_basic
D:2:      cheibrodos_pilgrimage, layout_loops_ring, kennysheep_generic_room_12

Skill      XL: |  1  2  3 |
---------------+----------+-----
Invocations    | 3 |  3.0
Stealth        | 2 3 |  3.0
Fighting       | |  3.2
Polearms       | |  2.0
Armour         | |  2.8
Dodging        | |  0.8

Action                   || total
-------------------------++-------
Melee: Spear             ||    96
Invok: Depart the Abyss  ||     1
Armor: Chain mail        ||    38
Dodge: Dodged            ||    22

Table legend: (Time is in decaauts)
 A = Elapsed time spent in this place.
 B = Non-inter-level travel time spent in this place.
 C = Inter-level travel time spent in this place.
 D = Time resting spent in this place.
 E = Time spent auto-exploring this place.
 F = Levels seen in this place.
 G = Mean time per level.
                   A        B        C        D        E       F      G
               +--------+--------+--------+--------+--------+-----+--------+
         Total |   1461 |   1374 |     87 |      0 |   1091 |   4 |  365.2 |
       Dungeon |   1435 |   1348 |     87 |      0 |   1091 |   2 |  717.5 |
         Abyss |     25 |     25 |      0 |      0 |      0 |   2 |   12.5 |
               +--------+--------+--------+--------+--------+-----+--------+

Top non-repeatable levels by time:
     D:1: 1101 daAuts
     D:2: 333 daAuts
 Abyss:2: 16 daAuts
 Abyss:1: 9 daAuts
